cohdb
Replays
Latest Replays
All Replays
Popular Replays
Top Player Replays
Match Explorer
How It Works
Community
CoH3 Stats
Reddit
Sign in to upload your games and track your stats! →
Sign in with Steam
Match 46860119
Unlisted
Match 46860119
Overview
Messages
Build Orders
End
Construct Barracks
Engineer Squad
Riflemen Squad
Selects Airborne Battlegroup
Selects Heavy Machine Gun Paradrop
Selects Smoke Bombing Run
Riflemen Squad
Heavy Machine Gun Paradrop
Mechanized Support Center
Smoke Bombing Run
Selects Paratrooper Squad Paradrop
Paratrooper Squad Paradrop
Construct Medical Station
Construct Motor Pool
M1 Anti-tank Gun Team
M1918 Browning Automatic Rifles
Selects Supply Drop
M1 Mortar Team
Construct Tank Depot
M4(105) Sherman Bulldozer
Designate Forward Repair Station
M4A1 Sherman Medium Tank
Engineer Squad
M4A1 Sherman Medium Tank
M4A1 76mm Conversion
Selects Dual P-47 Rocket Strike
Grenade Package
M4A1(76) Sherman Medium Tank
miragefla
CommieKillerz
thecrazycowboygeneral
Boneless
Arwootarch
BazookaJoe
0
0
Comments
sign in to comment!
No comments posted yet!